Map: [ESL] Moondance

Players

PattyMac - Winner!

  • Race: Protoss Protoss
  • Spawn Location: 6:00

PureLegacy

  • Race: Terran Terran
  • Spawn Location: 12:00

Event: DreamHack SC2 Masters 2022 Atlanta (Online)

VOD

Have the link to the VOD?

Description

Time

  • Played on: Oct. 8, 2022, 3:19 p.m.
  • Length: 3:48

All games in this series

Show
View Real Time Build Order
Export as new Build Order

PattyMac Protoss - Winner!

Build Orders: 1 Gate Expand 

Get SALT Encoding   

  12  0:00  Probe  
  13  0:12  Probe  
  14  0:16  Pylon  
  14  0:24  Probe (Chrono Boost)  
  15  0:36  Probe (Chrono Boost), Gateway  
  16  0:44  Probe (Chrono Boost)  
  16  0:45  Assimilator  
  17  0:51  Probe  
  18  0:59  Gateway  
  18  1:03  Probe  
  19  1:23  Cybernetics Core  
  19  1:36  Nexus  
  19  1:42  Pylon  
  19  1:46  Probe  
  20  2:00  Warp Gate  
  23  2:03  Adept (Chrono Boost)  
  23  2:05  Probe  
  25  2:09  Adept (Chrono Boost)  
  25  2:17  Probe  
  25  2:20  Adept (Chrono Boost)  
  28  2:26  Assimilator  
  28  2:30  Probe  
  31  2:43  Adept (Chrono Boost)  
  31  2:44  Pylon  
  31  2:48  Adept (Chrono Boost)  
  33  2:58  Shield Battery  
  33  2:59  Probe  
  33  3:01  Probe  
  35  3:08  Adept  
  37  3:14  Probe  
  40  3:32  Twilight Council  
  40  3:41  Pylon  
Show
View Real Time Build Order
Export as new Build Order

PureLegacy Terran 

Build Orders:  

Get SALT Encoding   

  12  0:00  SCV  
  13  0:12  SCV  
  14  0:18  Supply Depot  
  14  0:24  SCV  
  15  0:43  Barracks  
  15  0:47  Refinery  
  15  0:55  Barracks  
  15  1:03  Refinery  
  15  1:31  Reaper  
  16  1:33  Barracks  
  16  1:43  Reaper  
  16  1:46  Barracks  
  17  2:03  Reaper  
  18  2:27  Reaper  
  18  2:29  Reaper  
  19  2:33  Reaper  
  20  2:37  Reaper  
  21  2:46  Supply Depot  
  21  2:59  Reaper  
  21  3:01  Reaper  
  23  3:07  Reaper  
  24  3:15  Reaper  
Tags
 
Add a new tag
Caveats
  • Supply blocks, unpowered buildings, or Contaminate may cause inaccurate times.
  • Supply counts are checked every 10 seconds.